TOP OF THE 1ST |
Albuquerque Isotopes batting - Pitching for Las Vegas Stars : RHP Alberto Márquez
|
Pitching: RHP Alberto Márquez
|
|
Batting: LHB Wally Harris
|
0-0: Ball 1-0: Foul Ball, location: 2F 1-1: Fly out, F8 (Flyball, 78M)
|
Batting: SHB Edward Bartlett
|
0-0: Ball 1-0: Called Strike 1-1: Called Strike 1-2: Ball 2-2: DOUBLE (Flyball, 8RXD)
|
Batting: LHB Burt Ward
|
0-0: Ball 1-0: Swinging Strike 1-1: Swinging Strike 1-2: Ball 2-2: Foul Ball, location: 2F 2-2: Foul Ball, location: 2F 2-2: Ball 3-2: Strikes out swinging
|
Batting: LHB Fernando Ortíz
|
0-0: Ball 1-0: Foul Ball, location: 2F 1-1: Foul Ball, location: 2F 1-2: Foul Ball, location: 2F 1-2: Hit by Pitch
|
Batting: RHB Jesse McKnight
|
0-0: Ball 1-0: Foul Ball, location: 2F 1-1: Foul Ball, location: 2F 1-2: Strikes out swinging
|
Top of the 1st over - 0 runs, 1 hit, 0 errors, 2 left on base; Albuquerque 0 - Las Vegas 0 |
BOTTOM OF THE 1ST |
Las Vegas Stars batting - Pitching for Albuquerque Isotopes : RHP Germán Hernández
|
Pitching: RHP Germán Hernández
|
|
Batting: LHB Alberto Varela
|
0-0: Swinging Strike 0-1: Ball 1-1: Bunt for hit - play at first, batter safe!
|
Batting: SHB Júlio Salazar
|
0-0: SINGLE (Groundball, 6M) (infield hit) Alberto Varela to second
|
Batting: LHB Morgan Wright
|
0-0: Ball 1-0: Ball 2-0: Swinging Strike 2-1: Ball 3-1: Called Strike 3-2: Fly out, F7 (Flyball, 78D)
|
Batting: LHB Edward Rose
|
0-0: Called Strike 0-1: SINGLE (Groundball, 6D) Alberto Varela to third Júlio Salazar to second Runner from 3rd tries for Home, SAFE, no throw
|
Batting: RHB Tomás Díaz
|
0-0: Foul Ball, location: 2F 0-1: Ball 1-1: Swinging Strike 1-2: Fly out, F9 (Flyball, 9S)
|
Batting: RHB José García
|
0-0: DOUBLE (Flyball, 8RD) Júlio Salazar scores Edward Rose to third Runner from 3rd tries for Home, SAFE, no throw
|
Batting: RHB Ricardo Guzmán
|
0-0: Swinging Strike 0-1: Swinging Strike 0-2: Ball 1-2: Hit by Pitch
|
Batting: RHB Gilberto Silva
|
0-0: Foul Ball, location: 2F 0-1: Called Strike 0-2: Fly out, F8 (Flyball, 8LM)
|
Bottom of the 1st over - 3 runs, 4 hits, 0 errors, 2 left on base; Albuquerque 0 - Las Vegas 3 |
TOP OF THE 2ND |
Albuquerque Isotopes batting - Pitching for Las Vegas Stars : RHP Alberto Márquez
|
Batting: LHB Tanyu Imai
|
0-0: Ball 1-0: Called Strike 1-1: Ball 2-1: Called Strike 2-2: Foul Ball, location: 2F 2-2: Strikes out looking
|
Batting: SHB Manuel Hegnauer
|
0-0: Ball 1-0: Ball 2-0: Called Strike 2-1: Ball 3-1: Foul Ball, location: 2F 3-2: DOUBLE (Line Drive, 7LM)
|
Batting: RHB Martín López
|
0-0: Called Strike 0-1: Called Strike 0-2: Strikes out looking
|
Batting: RHB Daniel Martínez
|
0-0: Ball 1-0: Ball 2-0: Ground out 2-3 (Groundball, 2L)
|
Top of the 2nd over - 0 runs, 1 hit, 0 errors, 1 left on base; Albuquerque 0 - Las Vegas 3 |
BOTTOM OF THE 2ND |
Las Vegas Stars batting - Pitching for Albuquerque Isotopes : RHP Germán Hernández
|
Batting: RHB Fernando Bórquez
|
0-0: Ball 1-0: Ball 2-0: Ball 3-0: Called Strike 3-1: Foul Ball, location: 2F 3-2: Base on Balls
|
Batting: LHB Alberto Varela
|
0-0: Ball 1-0: Swinging Strike 1-1: Foul Ball, location: 2F 1-2: Strikes out swinging
|
Batting: SHB Júlio Salazar
|
0-0: Called Strike 0-1: SINGLE (Flyball, 9S) Fernando Bórquez to second Runner from 2nd tries for 3rd, SAFE, no throw
|
Batting: LHB Morgan Wright
|
0-0: Ball 1-0: Foul Ball, location: 2F 1-1: 3-RUN HOME RUN (Line Drive, 9LD), Distance : 397 ft
|
Batting: LHB Edward Rose
|
0-0: Called Strike 0-1: Ball 1-1: SINGLE (Line Drive, 8LS)
|
Batting: RHB Tomás Díaz
|
0-0: Ball 1-0: Called Strike 1-1: SINGLE (Flyball, 8LS) Edward Rose to second
|
Batting: RHB José García
|
0-0: Called Strike 0-1: Foul Ball, location: 2F 0-2: Ball 1-2: Foul Ball, location: 2F 1-2: Foul Ball, location: 2F 1-2: Ball 2-2: Fielders Choice at 2nd, 4-6 (Groundball, 34) Edward Rose to third
|
Batting: RHB Ricardo Guzmán
|
0-0: Ball 1-0: Swinging Strike 1-1: Ground out 5-3 (Groundball, 56S)
|
Bottom of the 2nd over - 3 runs, 4 hits, 0 errors, 2 left on base; Albuquerque 0 - Las Vegas 6 |
TOP OF THE 3RD |
Albuquerque Isotopes batting - Pitching for Las Vegas Stars : RHP Alberto Márquez
|
Batting: LHB Wally Harris
|
0-0: Ball 1-0: Foul Ball, location: 2F 1-1: Called Strike 1-2: Ball 2-2: Ball 3-2: Foul Ball, location: 2F 3-2: Base on Balls
|
Batting: SHB Edward Bartlett
|
0-0: Fly out, F9 (Flyball, 9S)
|
Batting: LHB Burt Ward
|
0-0: Ball 1-0: Called Strike 1-1: Foul Ball, location: 2F 1-2: Ball 2-2: DOUBLE (Flyball, 7LD) Wally Harris to third
|
Batting: LHB Fernando Ortíz
|
0-0: Swinging Strike 0-1: Ball 1-1: Fly out, F6 (Line Drive, 6)
|
Batting: RHB Jesse McKnight
|
0-0: Called Strike 0-1: Ball 1-1: Ball 2-1: Foul Ball, location: 2F 2-2: Fly out, F8 (Flyball, 8LXD)
|
Top of the 3rd over - 0 runs, 1 hit, 0 errors, 2 left on base; Albuquerque 0 - Las Vegas 6 |
BOTTOM OF THE 3RD |
Las Vegas Stars batting - Pitching for Albuquerque Isotopes : RHP Germán Hernández
|
Batting: RHB Gilberto Silva
|
0-0: Called Strike 0-1: Fly out, F3 (Popup, 3)
|
Batting: RHB Fernando Bórquez
|
0-0: Called Strike 0-1: Foul Ball, location: 2F 0-2: Ball 1-2: Reached on error, E6 (Groundball, 6)
|
Batting: LHB Alberto Varela
|
0-0: Called Strike 0-1: Swinging Strike 0-2: Ground out 5-3 (Groundball, 25) Fernando Bórquez to second
|
Batting: SHB Júlio Salazar
|
0-0: Ball 1-0: Fly out, F8 (Flyball, 8LD)
|
Bottom of the 3rd over - 0 runs, 0 hits, 1 error, 1 left on base; Albuquerque 0 - Las Vegas 6 |
TOP OF THE 4TH |
Albuquerque Isotopes batting - Pitching for Las Vegas Stars : RHP Alberto Márquez
|
Batting: LHB Tanyu Imai
|
0-0: Called Strike 0-1: Foul Ball, location: 2F 0-2: Ball 1-2: Ball 2-2: Foul Ball, location: 2F 2-2: Strikes out swinging
|
Batting: SHB Manuel Hegnauer
|
0-0: Called Strike 0-1: Ball 1-1: Called Strike 1-2: Ball 2-2: Strikes out swinging
|
Batting: RHB Martín López
|
0-0: Fly out, F9 (Flyball, 9S)
|
Top of the 4th over - 0 runs, 0 hits, 0 errors, 0 left on base; Albuquerque 0 - Las Vegas 6 |
BOTTOM OF THE 4TH |
Las Vegas Stars batting - Pitching for Albuquerque Isotopes : RHP Germán Hernández
|
Batting: LHB Morgan Wright
|
0-0: Ball 1-0: Called Strike 1-1: Called Strike 1-2: Foul Ball, location: 2F 1-2: Ball 2-2: Ball 3-2: Ground out U3 (Groundball, 3)
|
Batting: LHB Edward Rose
|
0-0: Called Strike 0-1: Ball 1-1: Called Strike 1-2: Ground out 4-3 (Groundball, 4)
|
Batting: RHB Tomás Díaz
|
0-0: Ball 1-0: Ball 2-0: Ball 3-0: Called Strike 3-1: Foul Ball, location: 2F 3-2: Foul Ball, location: 2F 3-2: Fly out, F1 (Popup, P)
|
Bottom of the 4th over - 0 runs, 0 hits, 0 errors, 0 left on base; Albuquerque 0 - Las Vegas 6 |
TOP OF THE 5TH |
Albuquerque Isotopes batting - Pitching for Las Vegas Stars : RHP Alberto Márquez
|
Batting: RHB Daniel Martínez
|
0-0: Ball 1-0: Swinging Strike 1-1: Foul Ball, location: 2F 1-2: Foul Ball, location: 2F 1-2: Ground out 4-3 (Groundball, 4)
|
Batting: LHB Wally Harris
|
0-0: Foul Ball, location: 2F 0-1: Ball 1-1: Ball 2-1: Ground out 6-3 (Groundball, 6M)
|
Batting: SHB Edward Bartlett
|
0-0: Ball 1-0: Called Strike 1-1: Ground out 4-3 (Groundball, 4M)
|
Top of the 5th over - 0 runs, 0 hits, 0 errors, 0 left on base; Albuquerque 0 - Las Vegas 6 |
BOTTOM OF THE 5TH |
Las Vegas Stars batting - Pitching for Albuquerque Isotopes : RHP Germán Hernández
|
Batting: RHB José García
|
0-0: Called Strike 0-1: Ball 1-1: Ball 2-1: Called Strike 2-2: Foul Ball, location: 2F 2-2: Foul Ball, location: 2F 2-2: Ball 3-2: Ground out 4-3 (Groundball, 4)
|
Batting: RHB Ricardo Guzmán
|
0-0: Ball 1-0: Ball 2-0: Ball 3-0: Called Strike 3-1: Ground out 6-3 (Groundball, 6)
|
Batting: RHB Gilberto Silva
|
0-0: Called Strike 0-1: Ball 1-1: Foul Ball, location: 2F 1-2: Strikes out swinging
|
Bottom of the 5th over - 0 runs, 0 hits, 0 errors, 0 left on base; Albuquerque 0 - Las Vegas 6 |
TOP OF THE 6TH |
Albuquerque Isotopes batting - Pitching for Las Vegas Stars : RHP Alberto Márquez
|
Batting: LHB Burt Ward
|
0-0: Called Strike 0-1: Ball 1-1: Ball 2-1: Foul Ball, location: 2F 2-2: Strikes out swinging
|
Batting: LHB Fernando Ortíz
|
0-0: Called Strike 0-1: Ball 1-1: Ball 2-1: Ball 3-1: DOUBLE (Line Drive, 9LS)
|
Batting: RHB Jesse McKnight
|
0-0: Ground out 2-3 (Groundball, 15S) Fernando Ortíz to third
|
Batting: LHB Tanyu Imai
|
0-0: Ground out U3 (Groundball, 3)
|
Top of the 6th over - 0 runs, 1 hit, 0 errors, 1 left on base; Albuquerque 0 - Las Vegas 6 |
BOTTOM OF THE 6TH |
Las Vegas Stars batting - Pitching for Albuquerque Isotopes : RHP Germán Hernández
|
Pitching: RHP James Waddell
|
|
Batting: RHB Fernando Bórquez
|
0-0: Ball 1-0: Foul Ball, location: 2F 1-1: Swinging Strike 1-2: Strikes out swinging
|
Batting: LHB Alberto Varela
|
0-0: Foul Ball, location: 2F 0-1: Ball 1-1: Ball 2-1: Foul Ball, location: 2F 2-2: Ball 3-2: Foul Ball, location: 2F 3-2: Base on Balls
|
Batting: SHB Júlio Salazar
|
0-0: 2-RUN HOME RUN (Flyball, 9LD), Distance : 384 ft
|
Batting: LHB Morgan Wright
|
0-0: Ball 1-0: Ball 2-0: Ball 3-0: Base on Balls
|
Batting: LHB Edward Rose
|
0-0: Called Strike 0-1: Ball 1-1: Fly out, F7 (Flyball, 78S)
|
Batting: RHB Tomás Díaz
|
0-0: Called Strike 0-1: Ball 1-1: Fielders Choice at 2nd, 5-4 (Groundball, 5)
|
Bottom of the 6th over - 2 runs, 1 hit, 0 errors, 1 left on base; Albuquerque 0 - Las Vegas 8 |
TOP OF THE 7TH |
Albuquerque Isotopes batting - Pitching for Las Vegas Stars : RHP Alberto Márquez
|
Batting: SHB Manuel Hegnauer
|
0-0: Ball 1-0: Ball 2-0: Ball 3-0: Called Strike 3-1: Foul Ball, location: 2F 3-2: Base on Balls
|
Batting: RHB Martín López
|
0-0: Called Strike 0-1: Ball 1-1: Ball 2-1: Ball 3-1: Fly out, F9 (Flyball, 9LM)
|
Batting: RHB Daniel Martínez
|
0-0: Called Strike 0-1: Fielders Choice at 2nd, 1-6 (Groundball, P)
|
Batting: LHB Wally Harris
|
0-0: Called Strike 0-1: Foul Ball, location: 2F 0-2: Fly out, F6 (Flyball, 56D)
|
Top of the 7th over - 0 runs, 0 hits, 0 errors, 1 left on base; Albuquerque 0 - Las Vegas 8 |
BOTTOM OF THE 7TH |
Las Vegas Stars batting - Pitching for Albuquerque Isotopes : RHP James Waddell
|
Batting: RHB José García
|
0-0: Ball 1-0: Ball 2-0: Called Strike 2-1: TRIPLE (Line Drive, 8RXD)
|
Batting: RHB Ricardo Guzmán
|
0-0: Ball 1-0: SINGLE (Groundball, 56D) José García scores
|
Batting: RHB Gilberto Silva
|
0-0: Called Strike 0-1: Ball 1-1: Swinging Strike 1-2: Ball 2-2: Foul Ball, location: 2F 2-2: Ball 3-2: Base on Balls Ricardo Guzmán to second
|
Batting: RHB Fernando Bórquez
|
0-0: Ball 1-0: Foul Ball, location: 2F 1-1: DOUBLE (Line Drive, 9LM) Ricardo Guzmán scores Gilberto Silva to third
|
Batting: LHB Alberto Varela
|
0-0: Called Strike 0-1: Foul Ball, location: 2F 0-2: Ball 1-2: Ball 2-2: Ball 3-2: Foul Ball, location: 2F 3-2: Base on Balls
|
Batting: SHB Júlio Salazar
|
0-0: Ball 1-0: Ball 2-0: Foul Ball, location: 2F 2-1: Fly out, F8 (Line Drive, 78M) Runner from 3rd tags up, SCORES, no throw
|
Batting: LHB Morgan Wright
|
0-0: Called Strike 0-1: Ball 1-1: Foul Ball, location: 2F 1-2: Ball 2-2: Ball 3-2: Fly out, F6 (Popup, 6)
|
Batting: LHB Edward Rose
|
0-0: SINGLE (Line Drive, 34) Fernando Bórquez to third Alberto Varela to second Runner from 3rd tries for Home, SAFE, no throw
|
Batting: RHB Tomás Díaz
|
0-0: Ball 1-0: Fly out, F8 (Flyball, 78D)
|
Bottom of the 7th over - 4 runs, 4 hits, 0 errors, 2 left on base; Albuquerque 0 - Las Vegas 12 |
TOP OF THE 8TH |
Albuquerque Isotopes batting - Pitching for Las Vegas Stars : RHP Alberto Márquez
|
Now at 3B: Clint Parkinson
|
|
Batting: SHB Edward Bartlett
|
0-0: Called Strike 0-1: Ground out 4-3 (Groundball, 4)
|
Batting: LHB Burt Ward
|
0-0: Called Strike 0-1: Ball 1-1: SOLO HOME RUN (Line Drive, 9D), Distance : 394 ft
|
Pitching: RHP Blake Koepke
|
|
Batting: LHB Fernando Ortíz
|
0-0: Called Strike 0-1: Ball 1-1: Ball 2-1: Ground out U3 (Groundball, 3L)
|
Batting: RHB Jesse McKnight
|
0-0: Called Strike 0-1: Ball 1-1: Foul Ball, location: 2F 1-2: Ball 2-2: Ground out 4-3 (Groundball, 4)
|
Top of the 8th over - 1 run, 1 hit, 0 errors, 0 left on base; Albuquerque 1 - Las Vegas 12 |
BOTTOM OF THE 8TH |
Las Vegas Stars batting - Pitching for Albuquerque Isotopes : RHP James Waddell
|
Batting: RHB José García
|
0-0: Ball 1-0: Ball 2-0: Ground out 4-3 (Groundball, 4)
|
Batting: RHB Ricardo Guzmán
|
0-0: Called Strike 0-1: Fly out, F7 (Flyball, 7LS)
|
Batting: RHB Gilberto Silva
|
0-0: Ground out 1-3 (Groundball, P)
|
Bottom of the 8th over - 0 runs, 0 hits, 0 errors, 0 left on base; Albuquerque 1 - Las Vegas 12 |
TOP OF THE 9TH |
Albuquerque Isotopes batting - Pitching for Las Vegas Stars : RHP Blake Koepke
|
Batting: LHB Tanyu Imai
|
0-0: Called Strike 0-1: Ball 1-1: Foul Ball, location: 2F 1-2: Ball 2-2: Ground out 4-3 (Groundball, 4S)
|
Batting: SHB Manuel Hegnauer
|
0-0: Called Strike 0-1: Foul Ball, location: 2F 0-2: Ball 1-2: Foul Ball, location: 2F 1-2: Foul Ball, location: 2F 1-2: Ball 2-2: Ball 3-2: Base on Balls
|
Batting: RHB Martín López
|
0-0: Foul Ball, location: 2F 0-1: Called Strike 0-2: Ball 1-2: Strikes out swinging
|
Batting: RHB Daniel Martínez
|
0-0: Ball 1-0: Called Strike 1-1: Ground out U3 (Groundball, 34)
|
Top of the 9th over - 0 runs, 0 hits, 0 errors, 1 left on base; Albuquerque 1 - Las Vegas 12 |
|